 Dungeon Crawl Stone Soup version 0.31-a0-986-g5e6e4ef867 (webtiles) character file.

Game seed: 16800520215818579439

158949 porpoise the Slicer (level 17, -17/133 HPs)
             Began as a Demonspawn Enchanter on Nov 10, 2023.
             Was an Initiate of Gozag.
             Shot with a bolt by Vashnia (34 damage)
             ... on level 4 of the Snake Pit.
             The game lasted 03:09:59 (42979 turns).

porpoise the Slicer (Demonspawn Enchanter)         Turns: 42979, Time: 03:09:59

Health: -17/133    AC: 16    Str:  9    XL:     17   Next: 15%
Magic:  15/30      EV: 19    Int: 21    God:    Gozag
Gold:   7420       SH: 13    Dex: 20    Spells: 14/34 levels left

rFire   + . .        a - +4 rapier (venom)
rCold   + . .        U - +2 buckler
rNeg    . . .        J - +0 swamp dragon scales
rPois   +            w - +1 hat
rElec   .            s - +1 cloak {Stlth+}
rCorr   .            (gloves unavailable)
SInv    .            y - +0 pair of boots
Will    +++..        C - amulet of reflection
Stlth   +++++        W - ring "Zeobyrek" {Wiz rF+ rC+ Will+ Int+3}
HPRegen 0.42/turn    e - +4 ring of slaying
MPRegen 0.22/turn

%: reflection, wizardry (x1)
@: agile, gold aura
A: slimy green scales 3, icemail 2, powered by pain 2, condensation shield,
demonic willpower, demonic touch 3
a: Renounce Religion, Potion Petition, Call Merchant, Bribe Branch


You were on level 4 of the Snake Pit.
You worshipped Gozag.
Gozag was greatly pleased with you.
You visited 4 branches of the dungeon, and saw 26 of its levels.
You also visited: Ossuary, Bailey and Ice Cave.

You collected 10355 gold pieces.
You spent 2851 gold pieces at shops.
You paid 84 gold pieces to Gozag.

Inventory:

Hand Weapons
 a - a +4 rapier of venom (weapon)
 G - a +1 demon trident of electrocution
Missiles
 H - 5 atropa-tipped darts
 I - 2 javelins
 Q - 25 boomerangs
 V - 3 curare-tipped darts (quivered)
 X - 3 darts of dispersal
Armour
 s - a +1 cloak of stealth (worn)
 u - a +1 kite shield of reflection
 w - a +1 hat (worn)
 y - a +0 pair of boots (worn)
 E - a +1 robe of positive energy
 J - +0 swamp dragon scales (worn)
 S - a +0 kite shield of reflection
 U - a +2 buckler (worn)
Jewellery
 e - a +4 ring of slaying (right hand)
 C - an amulet of reflection (around neck)
 D - a ring of positive energy
 M - a +6 ring of dexterity
 W - the ring "Zeobyrek" (left hand) {Wiz rF+ rC+ Will+ Int+3}
   (You bought it in a shop on level 6 of the Dungeon)

   [ring of wizardry]

   Wiz:       It improves your spell success rate.
   Int+3:     It affects your intelligence (+3).
   rF+:       It protects you from fire.
   rC+:       It protects you from cold.
   Will+:     It increases your willpower.
 Y - a ring of willpower
Wands
 b - a wand of flame (48)
 l - a wand of charming (8)
 B - a wand of digging (8)
 F - a wand of iceblast (3)
 K - a wand of mindburst (25)
 N - a wand of quicksilver (2)
Scrolls
 d - a scroll of blinking
 j - 4 scrolls of revelation
 k - 5 scrolls of vulnerability
 m - 2 scrolls of identify
 q - 3 scrolls of silence
 r - 2 scrolls of teleportation
 v - 5 scrolls of fog
 z - 2 scrolls of poison
 R - a scroll of enchant weapon
Potions
 c - 2 potions of invisibility
 f - 5 potions of lignification
 g - 4 potions of cancellation
 h - 2 potions of resistance
 i - 10 potions of curing
 n - a potion of heal wounds
 o - a potion of berserk rage
 t - 5 potions of brilliance
 x - 2 potions of might
 A - 7 potions of haste
 O - 3 potions of magic
 P - 3 potions of enlightenment
 T - 4 potions of attraction
Miscellaneous
 p - a phantom mirror
 L - a box of beasts


   Skills:
 - Level 12.0 Fighting
 - Level 14.0 Short Blades
 + Level 3.9 Armour
 - Level 9.0 Dodging
 - Level 9.0 Stealth
 - Level 5.0 Shields
 - Level 9.0 Spellcasting
 - Level 12.0 Hexes
 - Level 12.0 Summonings
 + Level 6.7 Ice Magic
 - Level 7.0 Evocations


You had 14 spell levels left.
You knew the following spells:

 Your Spells              Type           Power      Damage    Failure   Level
a - Confusing Touch       Hex            56%        N/A       1%          3
b - Summon Ice Beast      Ice/Summ       48%        N/A       2%          4
c - Call Canine Familiar  Summ           56%        N/A       1%          3
e - Ensorcelled Hibernat  Hex/Ice        96%        N/A       1%          2
t - Tukima's Dance        Hex            56%        N/A       1%          3
v - Summon Mana Viper     Hex/Summ       56%        N/A       2%          5

Your spell library contained the following spells:

 Spells                   Type           Power      Damage    Failure   Level
 Summon Small Mammal      Summ           100%       N/A       1%          1
 Call Imp                 Summ           100%       N/A       1%          2
 Sigil of Binding         Hex            56%        N/A       1%          3
 Summon Guardian Golem    Hex/Summ       56%        N/A       1%          3
 Cause Fear               Hex            28%        N/A       1%          4
 Dazzling Flash           Conj/Hex       68%        N/A       2%          3
 Inner Flame              Hex/Fire       34%        N/A       2%          3
 Anguish                  Hex/Necr       17%        N/A       9%          4
 Dimensional Bullseye     Hex/Tloc       17%        N/A       9%          4
 Fulminant Prism          Conj/Hex       17%        3d10      9%          4
 Leda's Liquefaction      Hex/Erth       17%        N/A       9%          4
 Foxfire                  Conj/Fire      36%        2x1d5     11%         1
 Kiss of Death            Conj/Necr      36%        2d8       11%         1
 Magic Dart               Conj           36%        1d4       11%         1
 Shock                    Conj/Air       36%        1d5       11%         1
 Blink                    Tloc           18%        N/A       16%         2
 Wereblood                Tmut           9%         N/A       16%         2
 Yara's Violent Unravell  Hex/Tmut       17%        3d8       26%         5
 Mephitic Cloud           Conj/Pois/Air  9%         N/A       32%         3
 Swiftness                Air            9%         N/A       32%         3
 Volatile Blastmotes      Fire/Tloc      18%        2d11      32%         3
 Enfeeble                 Hex            28%        N/A       52%         7
 Monstrous Menagerie      Summ           28%        N/A       52%         7
 Airstrike                Air            4%         2d(1-17)  69%         4
 Dispel Undead            Necr           9%         3d8       69%         4
 Flame Wave               Conj/Fire      9%         2d6       69%         4
 Iskenderun's Mystic Bla  Conj/Tloc      9%         2d4       69%         4
 Manifold Assault         Tloc           9%         N/A       69%         4
 Passage of Golubria      Tloc           9%         N/A       69%         4
 Sticky Flame             Conj/Fire      9%         2d3       69%         4
 Irradiate                Conj/Tmut      4%         3d13      95%         5
 Malign Gateway           Summ/Tloc      17%        N/A       99%         7
 Ozocubu's Refrigeration  Ice            18%        4d11      99%         7
 Summon Horrible Things   Summ           28%        N/A       99%         8
 Plasma Beam              Fire/Air       4%         2x1d14    100%        6
 Starburst                Conj/Fire      4%         6d4       100%        6
 Ignition                 Fire           4%         3d4       100%        8
 Polar Vortex             Ice            18%        12d2*     100%        9
 Simulacrum               Ice/Necr       Unusable   N/A       N/A         6

Dungeon Overview and Level Annotations

Branches:
Dungeon (15/15)            Temple (0/1) D:6            Lair (5/5) D:11
  Swamp (0/4) Lair:3        Snake (4/4) Lair:3        Slime (0/5) Lair:5
    Orc (2/2) D:9             Elf (0/3) Orc:2        Vaults (0/5) D:13
 Depths (0/4) D:15        Ossuary (visited)          Bailey (visited)
  IceCv (visited)

Altars:
Cheibriados
Fedhas
Gozag
Hepliaklqana
Ru
Sif Muna
Trog
Uskayaw
Wu Jian
Xom
Yredelemnul
Jiyva

Shops:
D:4 ?   D:6 !=([   D:10 *   Orc:1 :   Orc:2 :*(!   Snake:1 !   Snake:2 =:=

Portals:
Abyss: Snake:4
Pandemonium: Orc:2

Annotations:
D:4 1 runed translucent door, Savior361's ghost, amateur FoFi
D:13 2 transporters, Rogih's ghost, journeyman MiFi
Snake:1 2 transporters, exclusion: orange crystal statue
Snake:3 3 runed translucent doors, exclusions: downstairs and obsidian statue, Xavori's ghost, adept DjCK
Snake:4 2 transporters, DoNotCum's ghost, adept DECj; Vashnia


Innate Abilities, Weirdness & Mutations

You are completely covered in slimy green scales. (AC +4, rPois)
A meltable icy envelope protects you from harm. (AC +0)
You sometimes gain power by taking damage.
A meltable shield of frost defends you. (SH +0)
You punish those that try to bend your will. (Will+)
Your touch may irresistibly damage your foes and sap their willpower.


Message History

You feel agile all of a sudden.
The naga sharpshooter shoots an arrow.
The arrow hits your mana viper!
Your ice beast hits the naga sharpshooter but does no damage.
Your mana viper bites the naga sharpshooter!!
The naga sharpshooter's magic leaks into the air.
You feel much better. Vashnia spits poison at you.
You block the splash of poison... and reflect it back!
The splash of poison hits Vashnia.
The naga sharpshooter falters for a moment.
Your mana viper bites the naga sharpshooter!
The naga sharpshooter dies!
You feel much better.
Your mana viper disappears in a puff of smoke!
Vashnia gestures wildly while chanting.
Vashnia magically shoots a bolt.
The bolt barely misses you.
Unknown command.
What are your orders? t - Shout!
Orders for allies: a - Attack new target. p - Attack previous target. r - Retreat! s - Stop attacking. g - Guard the area. f - Follow me.
Anything else - Cancel.
Okay, then.
Casting: Tukima's Dance (safe; 1% risk of failure)
Confirm with . or Enter, or press ? or * to list all spells.
Okay, then.
Casting: Tukima's Dance (safe; 1% risk of failure)
Confirm with . or Enter, or press ? or * to list all spells.
Aiming: Tukima's Dance (safe; 1% risk of failure)
Press: ? - help, Shift-Dir - straight line, f/p - Vashnia
Aim: Vashnia, wielding a +0 arbalest and wearing a +1 barding of stealth (lightly wounded, ally target, chance to affect: 4%) Vashnia resists with almost no effort.
Vashnia shoots a bolt.
The bolt hits you!!
* * * LOW HITPOINT WARNING * * *
Your ice beast closely misses Vashnia.
Vashnia shoots a bolt.
The bolt hits you!!
You die...
Vashnia says, "All clear.
Let's check for more."
Your body crumbles into a pile of gold.

##...## #....###.....
##.....###...N..#......
#.......#....Y.........
#......................
#...........$..........
#...........[..........
#................#.....
#..$$........[...######
#.....@.#........
##...$.##........
#..#####........ #..#
#........ #..#
#######.# #..# # ##
#... ##. #... ##..
##...


You could see Vashnia (ally target) and a friendly ice beast (summoned).

Vanquished Creatures
  Gastronok (Lair:1)
  Kirke (Lair:5)
  Roxanne (Snake:3)
  2 nagarajas
  Donald (Snake:4)
  A frost giant (IceCv)
  An ettin (Orc:2)
  An entropy weaver (D:13)
  Harold (D:11)
  Erolcha (D:13)
  2 demonspawn (Orc:2)
  A peacekeeper (D:13)
  6 centaur warriors
  A salamander tyrant (Snake:2)
  3 catoblepae
  5 naga warriors
  7 anacondas
  2 boulder beetles (D:15)
  6 hydras
  8 two-headed ogres
  4 orc high priests (Orc:2)
  6 tengu warriors
  7 death yaks
  6 shock serpents
  An occultist (D:15)
  6 naga sharpshooters (Snake:4)
  A soul eater (Orc:2)
  2 skysharks
  Sonja (Orc:2)
  A goliath frog (Lair:5)
  3 naga ritualists
  3 sea snakes (Snake:2)
  An arcanist (D:15)
  A necromancer (D:15)
  3 deep elf pyromancers
  8 mana vipers
  8 orc knights
  5 ugly things
  3 cyclopes
  9 salamanders
  11 orc sorcerers
  6 manticores
  35 black mambas
  2 centaur zombies (D:15)
  2 guardian serpents (Snake:3)
  Maggie (D:6)
  Maurice (D:10)
  11 naga magi
  An orange demon (Orc:2)
  An ice statue (IceCv)
  16 cane toads
  2 torpor snails (Lair:2)
  A gargoyle (D:14)
  2 kobold demonologists
  Jeremiah (D:6)
  2 rime drakes
  An unseen horror (D:11)
  2 efreet (D:14)
  3 tengu conjurers (D:15)
  9 komodo dragons
  A burning bush (Lair:3)
  7 trolls
  A meliai (shapeshifter) (D:14)
  12 polar bears
  3 meliai (D:14)
  Prince Ribbit (D:8)
  3 tyrant leeches (Lair:5)
  2 hornets (D:9)
  Grinder (D:5)
  9 dream sheep
  24 blink frogs
  A meliai zombie (D:15)
  3 slime creatures
  A vampire (D:12)
  A centaur simulacrum (D:15)
  64 yaks
  2 shadows
  5 wraiths
  A wyvern (shapeshifter) (D:14)
  A hog (Lair:5)
  3 basilisks
  Eustachio (D:4)
  6 wyverns
  30 nagas
  19 vampire mosquitoes
  Edmund (D:6)
  10 wargs
  6 water moccasins
  Duvessa (D:4)
  3 sky beasts
  A swamp drake (D:9)
  45 orc warriors
  3 ice beasts
  3 black bears
  5 ogres
  27 wolves
  10 centaurs
  2 phantoms
  Blork the orc (D:4)
  2 kobold brigands
  20 bullfrogs
  7 scorpions
  7 wights (D:8)
  Dowan (D:4)
  10 killer bees
  7 electric eels
  4 howler monkeys
  5 jellies
  Crazy Yiuf (D:3)
  20 orc priests
  A hound (D:4)
  2 sleepcaps
  Natasha (thrice) (D:4)
  3 iguanas
  18 orc wizards
  A boggart skeleton (D:15)
  A mummy (Ossuary)
  11 adders
  8 gnolls
  A shadow imp (D:5)
  4 white imps
  3 worms
  4 dart slugs
  72 orcs
  3 spectral bats (Ossuary)
  6 ball pythons
  4 bat simulacra (Ossuary)
  4 endoplasms
  A giant cockroach (D:4)
  12 gnoll zombies (Ossuary)
  8 goblins
  2 hobgoblins
  2 jackals (D:3)
  4 quokkas
  5 bats
  A frilled lizard (D:1)
  5 goblin simulacra (Ossuary)
  7 goblin zombies
  3 hobgoblin zombies (Ossuary)
  16 kobolds
  2 kobold simulacra (Ossuary)
  4 kobold zombies (Ossuary)
  5 orc zombies (Ossuary)
  7 rats
  2 rat simulacra (Ossuary)
  A rat zombie (D:5)
  3 spectral goblins (Ossuary)
  8 spectral kobolds
  4 spectral rats (Ossuary)
896 creatures vanquished.

Vanquished Creatures (collateral kills)
  Josephine (D:11)
  An anaconda (Snake:3)
  2 naga sharpshooters (Snake:4)
  A salamander mystic (Snake:4)
  A naga ritualist (Snake:2)
  An orc knight (Orc:2)
  2 salamanders (Snake:4)
  2 black mambas (Snake:3)
  2 dream sheep (Lair:4)
  A yak (Lair:2)
  4 nagas
  A wolf (Lair:2)
  A killer bee (D:10)
20 creatures vanquished.

Vanquished Creatures (others)
  A rakshasa (D:15)
  A black mamba (Snake:3)
  A tengu conjurer (D:15)
  A dancing weapon (Snake:2)
  4 humans (Lair:5)
  An orc wizard (Orc:1)
9 creatures vanquished.

Grand Total: 925 creatures vanquished

Notes
Turn   | Place    | Note
-------+----------+-------------------------------------------
     0 | D:1      | porpoise the Demonspawn Enchanter began the quest for the
                  | Orb.
     0 | D:1      | Reached XP level 1. HP: 13/13 MP: 3/3
   146 | D:1      | Reached skill level 1 in Short Blades
   238 | D:1      | Found a faded altar of an unknown god.
   321 | D:1      | Gained mutation: A meltable shield of frost defends you.
                  | (SH +0) [demonic ancestry]
   321 | D:1      | Reached XP level 2. HP: 12/19 MP: 5/5
   354 | D:1      | Learned a level 2 spell: Ensorcelled Hibernation
  1003 | D:2      | Gained mutation: A meltable icy envelope protects you from
                  | harm. (AC +0) [demonic ancestry]
  1003 | D:2      | Reached XP level 3. HP: 12/24 MP: 6/6
  1057 | D:2      | Learned a level 3 spell: Confusing Touch
  1392 | D:2      | Reached skill level 2 in Short Blades
  1651 | D:3      | Identified the "Eqothrisk"
  1651 | D:3      | Identified the of Myssuv
  1651 | D:3      | Identified the of Fuqamisu
  1654 | D:3      | Reached skill level 1 in Ice Magic
  1654 | D:3      | Reached XP level 4. HP: 30/30 MP: 7/7
  2109 | D:3      | Found a runed translucent door.
  2110 | D:3      | Noticed Crazy Yiuf
  2117 | D:3      | Killed Crazy Yiuf
  2118 | D:3      | Gained mutation: You sometimes gain a little power by
                  | taking damage. [demonic ancestry]
  2118 | D:3      | Reached XP level 5. HP: 13/35 MP: 8/8
  2662 | D:3      | Reached skill level 3 in Short Blades
  2713 | D:3      | Found a shimmering blue altar of Sif Muna.
  2847 | D:4      | Noticed Natasha
  2858 | D:4      | Reached XP level 6. HP: 40/41 MP: 3/9
  2859 | D:4      | Killed Natasha
  2975 | D:4      | Noticed Natasha
  2979 | D:4      | Killed Natasha
  3013 | D:4      | Reached skill level 5 in Hexes
  3092 | D:4      | Learned a level 3 spell: Tukima's Dance
  3113 | D:4      | Noticed Dowan
  3234 | D:4      | Reached skill level 4 in Short Blades
  3238 | D:4      | Noticed Duvessa
  3255 | D:4      | Killed Duvessa
  3256 | D:4      | Gained mutation: You are partially covered in slimy green
                  | scales. (AC +2) [demonic ancestry]
  3256 | D:4      | Reached XP level 7. HP: 32/46 MP: 7/11
  3263 | D:4      | Killed Dowan
  3451 | D:4      | Noticed Natasha
  3510 | D:4      | Noticed Eustachio
  3512 | D:4      | Noticed Blork the orc
  3519 | D:4      | Killed Eustachio
  3522 | D:4      | Killed Blork the orc
  3608 | D:4      | Reached skill level 5 in Short Blades
  3608 | D:4      | Reached XP level 8. HP: 47/52 MP: 10/13
  3633 | D:4      | Killed Natasha
  3712 | D:4      | Found Marghet's Magic Scroll Boutique.
  3720 | D:4      | Bought a scroll of identify for 26 gold pieces
  3720 | D:4      | Bought a scroll of revelation for 97 gold pieces
  3781 | D:4      | Found a blossoming altar of Fedhas.
  4143 | D:4      | Found a runed translucent door.
  4143 | D:4      | Noticed Savior361's ghost (amateur FoFi)
  4265 | D:5      | Entered Level 5 of the Dungeon
  4313 | D:5      | Found an opulent altar of Gozag.
  4439 | D:5      | Found a sand-covered staircase.
  4465 | Ossuary  | Entered an ossuary
  5199 | D:5      | Found a hazy altar of Hepliaklqana.
  5295 | D:5      | Found a basalt altar of Yredelemnul.
  5313 | D:5      | Noticed Grinder
  5335 | D:5      | Killed Grinder
  5336 | D:5      | Reached skill level 6 in Short Blades
  5336 | D:5      | Reached skill level 5 in Spellcasting
  5340 | D:5      | Learned a level 3 spell: Call Canine Familiar
  5742 | D:5      | Reached skill level 1 in Fighting
  5742 | D:5      | Reached skill level 1 in Summonings
  5868 | D:5      | Found a shimmering altar of Xom.
  5964 | D:5      | Became a worshipper of Gozag Ym Sagoz the Greedy
  6054 | D:6      | Noticed Edmund
  6063 | D:6      | Killed Edmund
  6064 | D:6      | Gained mutation: A meltable icy envelope protects you from
                  | harm. (AC +0) [demonic ancestry]
  6064 | D:6      | Reached XP level 9. HP: 41/61 MP: 11/16
  6282 | D:6      | Found Loxulat's Antique Weapon Shop.
  6337 | D:6      | Noticed Jeremiah
  6372 | D:6      | Killed Jeremiah
  6474 | D:6      | Found a staircase to the Ecumenical Temple.
  6490 | D:6      | Found Quczel's Jewellery Shoppe.
  6501 | D:6      | Found Teonnof's Distillery.
  6597 | D:6      | Reached skill level 7 in Short Blades
  6741 | D:6      | Found a bloodstained altar of Trog.
  6879 | D:6      | Found Boit Rui's Antique Armour Emporium.
  6902 | D:6      | Found a snail-covered altar of Cheibriados.
  7082 | D:4      | Bought a scroll of identify for 26 gold pieces
  7166 | D:6      | Bought a glowing rapier for 224 gold pieces
  7254 | D:6      | Noticed Maggie
  7269 | D:6      | Killed Maggie
  7299 | D:6      | Identified a scroll of acquirement
  7301 | D:6      | Acquired the dreamshard necklace {Acrobat *Dream}
  7301 | D:6      | Found the dreamshard necklace {Acrobat *Dream}
  7578 | D:7      | Reached skill level 5 in Fighting
  7578 | D:7      | Reached skill level 5 in Summonings
  7645 | D:7      | Gained mutation: Your touch may inflict minor irresistible
                  | damage on your foes. [demonic ancestry]
  7645 | D:7      | Reached XP level 10. HP: 70/74 MP: 12/17
  7799 | D:6      | Bought a runed rapier for 224 gold pieces
  7960 | D:7      | Reached skill level 8 in Short Blades
  8136 | D:7      | Identified the +3 ring mail "Wealong" {rF+ rN+}
  8388 | D:8      | Found an ornate altar of the Wu Jian Council.
  8682 | D:8      | Noticed Prince Ribbit
  8698 | D:8      | Killed Prince Ribbit
  8849 | D:8      | Found a sacrificial altar of Ru.
  8863 | D:8      | Found a hide-covered altar of Uskayaw.
  9290 | D:9      | Learned a level 5 spell: Summon Mana Viper
  9430 | D:9      | Paralysed by a hornet for 2 turns
  9725 | D:9      | Noticed a two-headed ogre
  9737 | D:9      | Killed a two-headed ogre
  9738 | D:9      | Reached skill level 9 in Short Blades
 10025 | D:9      | Reached skill level 1 in Evocations
 10052 | D:9      | Found a staircase to the Orcish Mines.
 10062 | D:9      | Reached skill level 5 in Dodging
 10353 | D:10     | Entered Level 10 of the Dungeon
 10353 | D:10     | Found Safoo's General Store.
 10397 | D:10     | Noticed Maurice
 10412 | D:10     | Killed Maurice
 10413 | D:10     | Gained mutation: You are mostly covered in slimy green
                  | scales. (AC +3) [demonic ancestry]
 10413 | D:10     | Reached XP level 11. HP: 63/79 MP: 8/18
 10466 | D:10     | Found a flagged portal.
 10475 | Bailey   | Entered a bailey
 10970 | Bailey   | Noticed an orc knight
 11211 | Bailey   | Killed an orc knight
 11371 | D:10     | Reached skill level 10 in Short Blades
 11580 | D:10     | Noticed a two-headed ogre
 11588 | D:10     | Killed a two-headed ogre
 11658 | D:10     | Noticed a two-headed ogre
 11666 | D:10     | Killed a two-headed ogre
 11726 | D:10     | Reached skill level 5 in Evocations
 12030 | D:6      | Bought the ring "Zeobyrek" {Wiz rF+ rC+ Will+ Int+3} for
                  | 880 gold pieces
 12218 | D:10     | Noticed a two-headed ogre
 12224 | D:10     | Killed a two-headed ogre
 12396 | D:11     | Reached skill level 5 in Stealth
 12590 | D:11     | Identified the +2 robe of Yfubeah {-Cast rPois rN+ Str+3}
 12815 | D:11     | Noticed a two-headed ogre
 12832 | D:11     | Killed a two-headed ogre
 12845 | D:11     | Gained mutation: Your touch may inflict irresistible damage
                  | on your foes. [demonic ancestry]
 12845 | D:11     | Reached XP level 12. HP: 84/89 MP: 17/22
 12876 | D:11     | Noticed Josephine
 12901 | D:11     | Killed Josephine
 13115 | D:11     | Found a staircase to the Lair.
 13266 | D:11     | Noticed Harold
 13271 | D:11     | Killed Harold
 13417 | Lair:1   | Entered Level 1 of the Lair of Beasts
 13542 | Lair:1   | Acquired 923 gold pieces
 13767 | Lair:1   | Noticed Gastronok
 13779 | Lair:1   | Killed Gastronok
 14846 | D:12     | Noticed a two-headed ogre
 14856 | D:12     | Killed a two-headed ogre
 15367 | Lair:1   | Learned a level 4 spell: Summon Ice Beast
 15794 | Lair:2   | Gained mutation: Your touch may irresistibly damage your
                  | foes and sap their willpower. [demonic ancestry]
 15794 | Lair:2   | Reached XP level 13. HP: 75/98 MP: 17/23
 17488 | Lair:3   | Reached skill level 5 in Ice Magic
 18238 | Lair:3   | Found a staircase to the Swamp.
 18665 | Lair:3   | Found a staircase to the Snake Pit.
 20300 | Lair:5   | Identified the "Taunidgh"
 20300 | Lair:5   | Entered Level 5 of the Lair of Beasts
 20301 | Lair:5   | Found a frozen archway.
 20306 | IceCv    | Entered an ice cave
 20475 | IceCv    | Reached XP level 14. HP: 100/108 MP: 24/24
 20479 | IceCv    | Reached skill level 11 in Short Blades
 20838 | IceCv    | Noticed a frost giant
 20861 | IceCv    | Killed a frost giant
 21678 | Lair:5   | Identified the +2 leather armour of the Equinox {rF+
                  | Slay+3}
 21746 | Lair:5   | Found a staircase to the Slime Pits.
 21746 | Lair:5   | Found a viscous altar of Jiyva.
 21994 | Lair:5   | Noticed Kirke
 22009 | Lair:5   | Killed Kirke
 22020 | Lair:5   | Reached skill level 12 in Short Blades
 22106 | Lair:5   | Reached skill level 10 in Fighting
 22112 | Lair:5   | Reached skill level 10 in Hexes
 23638 | D:13     | Noticed Erolcha
 23641 | D:13     | Killed Erolcha
 24017 | D:13     | HP: 1/111 [enormous slime creature (48)]
 24519 | D:13     | Found a transporter.
 24519 | D:13     | Noticed a stone giant
 24528 | D:13     | Found a bloodstained altar of Trog.
 24528 | D:13     | Noticed Rogih's ghost (journeyman MiFi)
 24535 | D:13     | Found a transporter.
 24711 | D:13     | Found a gate to the Vaults.
 24850 | D:13     | Gained mutation: You are completely covered in slimy green
                  | scales. (AC +4, rPois) [demonic ancestry]
 24850 | D:13     | Reached XP level 15. HP: 117/117 MP: 25/25
 26264 | D:14     | Reached skill level 13 in Short Blades
 26750 | D:15     | Entered Level 15 of the Dungeon
 28049 | D:15     | Found a staircase to the Depths.
 28286 | Orc:1    | Entered Level 1 of the Orcish Mines
 28660 | Orc:1    | Found Qosour's Self-Improvement Boutique.
 28964 | Orc:1    | You fall into a shaft and drop 1 floor!
 28964 | Orc:2    | Entered Level 2 of the Orcish Mines
 28966 | Orc:2    | Noticed Sonja
 28975 | Orc:2    | Killed Sonja
 29532 | Orc:2    | Found a staircase to the Elven Halls.
 30853 | Orc:2    | Found Asio's Distillery.
 30994 | Orc:2    | Found Josaabat's General Store.
 31403 | Orc:2    | Bought a potion of curing for 42 gold pieces
 31403 | Orc:2    | Bought a potion of heal wounds for 70 gold pieces
 31403 | Orc:2    | Bought a potion of magic for 112 gold pieces
 31403 | Orc:2    | Bought a potion of curing for 42 gold pieces
 31403 | Orc:2    | Bought a potion of heal wounds for 70 gold pieces
 31403 | Orc:2    | Bought a potion of invisibility for 112 gold pieces
 31403 | Orc:2    | Bought a potion of curing for 42 gold pieces
 31487 | Orc:2    | Reached skill level 10 in Summonings
 31637 | Orc:2    | Reached skill level 14 in Short Blades
 32405 | Orc:2    | Gained mutation: You sometimes gain power by taking damage.
                  | [demonic ancestry]
 32405 | Orc:2    | Reached XP level 16. HP: 127/127 MP: 26/26
 32530 | Orc:2    | Found Cyicemee's Antique Weapon Shoppe.
 32530 | Orc:2    | Found Toxt's Book Emporium.
 32530 | Orc:2    | Found a one-way gate leading to the halls of Pandemonium.
 33116 | Snake:1  | Entered Level 1 of the Snake Pit
 33413 | Snake:1  | Found Ilije's Distillery.
 33417 | Snake:1  | Bought a potion of haste for 160 gold pieces
 33417 | Snake:1  | Bought a potion of curing for 48 gold pieces
 33417 | Snake:1  | Bought a potion of might for 64 gold pieces
 33746 | Snake:1  | Found a transporter.
 33766 | Snake:1  | Found a transporter.
 33766 | Snake:1  | Found the -2 hat of the Alchemist {rElec rPois rF+ rC+ rN+
                  | Will+ rMut rCorr}
 34573 | Snake:2  | Reached skill level 1 in Shields
 35547 | Snake:2  | Found Japaox's Jewellery Emporium.
 35548 | Snake:2  | Found Ulineriu's Book Boutique.
 35550 | Snake:2  | Found Ucryaddely's Jewellery Emporium.
 35563 | Snake:2  | Bought a book of Hexes for 612 gold pieces
 37319 | Snake:3  | HP: 3/127 [nagaraja/+0 whip (12)]
 37687 | Snake:3  | Identified the +0 leather armour of Space {Fly rPois rN+}
 37859 | Snake:3  | Noticed Roxanne
 37885 | Snake:3  | Killed Roxanne
 39177 | Snake:3  | Found an opulent altar of Gozag.
 39178 | Snake:3  | Found a runed translucent gate.
 39178 | Snake:3  | Found a runed translucent gate.
 39917 | Snake:3  | Found a runed translucent gate.
 39921 | Snake:3  | Noticed Xavori's ghost (adept DjCK)
 40007 | Snake:4  | Entered Level 4 of the Snake Pit
 40967 | Snake:4  | Reached skill level 5 in Shields
 41080 | Snake:4  | Noticed Vashnia
 41101 | Snake:4  | Reached skill level 1 in Armour
 41376 | Snake:4  | Noticed a tentacled starspawn
 41387 | Snake:4  | Found a transporter.
 41393 | Snake:4  | Found a transporter.
 41477 | Snake:4  | Identified the +4 broad axe "Coshroasch" {speed, Str+6}
 41750 | Snake:4  | Noticed Donald
 41755 | Snake:4  | Killed Donald
 41792 | Snake:4  | Identified the ring "Naobouf" {rPois rC++ rCorr Dex-2}
 41849 | Snake:4  | Gained mutation: You punish those that try to bend your
                  | will. (Will+) [demonic ancestry]
 41849 | Snake:4  | Reached XP level 17. HP: 59/133 MP: 22/30
 42135 | Snake:4  | Noticed DoNotCum's ghost (adept DECj)
 42148 | Snake:4  | Found a one-way gate to the infinite horrors of the Abyss.
 42975 | Snake:4  | HP: 2/133 [Vashnia/bolt (18)]
 42979 | Snake:4  | Shot with a bolt by Vashnia

Illustrated notes

Levels and vault maps discovered:
D:1:      dpeg_arrival_radiant, layout_basic, ebering_ecumenical_altar_petrified
D:2:      layout_loops_cross, minmay_misc_feat_square
D:3:      layout_loops_ring, led_sif_pool, dreamdust_princess_bridge,
          st_stairs_2, uniq_crazy_yiuf_cottage
D:4:      layout_loops_ring, fedhas_altar_decomposition, serial_shops,
          nicolae_shop_advertising_works [nicolae_subvault_shop_adworks],
          gammafunk_ghost_grave, chequers_mini_garden, uniq_duvessa,
          uniq_blork_the_orc, uniq_natasha, uniq_eustachio
D:5:      layout_basic, mainiacjoe_overflow_24_doors, lemuel_tele_altar,
          nicolae_hepliaklqana_monster_ancestors,
          mainiacjoe_overflow_surrounded_room, nicolae_gozag_seed_capital,
          enter_ossuary_4, uniq_grinder
D:6:      layout_loops_ring, lemuel_doored_altar, mainiacjoe_overflow_paths,
          minmay_temple_entry_wispy, serial_shops, shop,
          nicolae_shop_back_alley_shop, nicolae_shop_tiny_glass,
          nicolae_shop_hallway_plus, uniq_edmund, uniq_jeremiah, uniq_maggie
D:7:      layout_cave_pools
D:8:      layout_loops_ring, mainiacjoe_overflow_concentric_impassable,
          amethyst_overflow_temple_binary, uniq_prince_ribbit1
D:9:      layout_roguey, tso_oasis_becter, erik_orc_1
D:10:     layout_irregular_city, serial_shops, shop, enter_bailey_6,
          uniq_maurice
D:11:     layout_roguey, lair_entry_dummy, uniq_harold, uniq_josephine
D:12:     layout_irregular_city
D:13:     layout_gridville, hellmonk_vaults_order_and_chaos,
          gammafunk_ghost_wrathful_warriors, minivault_16,
          minmay_increasing_density, uniq_erolcha
D:14:     minmay_recursive_quarters, layout_stronghold, minivault_4
D:15:     grunt_enter_depths_magical_seal, layout_rooms,
          chequers_serial_rivers_micro_c
Lair:1:   layout_gridlike, hangedman_lair_unloving_vines, uniq_gastronok
Lair:2:   layout_regular_city
Lair:3:   layout_gridlike, minmay_swamp_entry_eels, nicolae_snake_entry_squirm,
          evilmike_ambush [evilmike_ambush_outer_basic,
          evilmike_ambush_inner_basic]
Lair:4:   layout_loops_ring, evilmike_ambush [evilmike_ambush_outer_doors,
          evilmike_ambush_inner_basic]
Lair:5:   minmay_lair_end_frog_pond, layout_cellular_growth,
          minmay_slime_entry_pillars, portal_ice_cave_entry_pillars_1,
          serial_bayou_pond_e, nicolae_lair_yak_garden, lemuel_fruit_tree,
          uniq_kirke
Snake:1:  gammafunk_sealed_arena, layout_basic, serial_shops,
          nicolae_shop_back_alley_shop, basic_altar,
          nicolae_snake_snakes_in_the_grass
Snake:2:  layout_chambers, minmay_shop_grove, serial_bayou_shore_a
Snake:3:  layout_layer_cave, ebering_ghost_gozag, grunt_ministairs_15,
          grunt_megastairs_3, uniq_roxanne
Snake:4:  snake_pit_salamanders_mu, layout_gridlike,
          gammafunk_ghost_abyssal_escape, uniq_donald, uniq_vashnia, uniq_louise
Orc:1:    layout_caves, nicolae_shop_self_help
Orc:2:    pf_orc_diabolical, layout_caves, nooodl_orcs_dogs, uniq_sonja

Skill      XL: |  1  2  3  4  5  6  7  8  9 10 11 12 13 14 15 16 17 |
---------------+----------------------------------------------------+-----
Short Blades   | 1 2 3 4 5 6 7 9 10 12 14 | 14.0
Ice Magic      | 1 2 3 5 6 |  6.7
Hexes          | 4 5 6 7 9 10 12 | 12.0
Spellcasting   | 3 5 6 7 9 |  9.0
Fighting       | 1 5 6 7 9 10 12 | 12.0
Summonings     | 1 5 7 9 10 12 | 12.0
Dodging        | 5 8 9 |  9.0
Evocations     | 2 5 7 |  7.0
Stealth        | 5 7 9 |  9.0
Shields        | 5 |  5.0
Armour         | 2 3 |  3.9

Action                     |  1- 3 |  4- 6 |  7- 9 | 10-12 | 13-15 | 16-18 || total
---------------------------+-------+-------+-------+-------+-------+-------++-------
  Melee: Dagger            |    74 |    82 |   358 |       |       |       ||   514
         Punch             |       |       |    11 |    12 |    25 |       ||    48
         Rapier            |       |       |    46 |   565 |  1570 |   918 ||  3099
         Touch             |       |       |       |   130 |   232 |       ||   362
  Throw: Dart              |       |       |     7 |    14 |       |     7 ||    28
         Boomerang         |       |       |       |     3 |    12 |     1 ||    16
   Cast: Ensorcelled Hiber |     7 |    17 |    23 |    23 |    56 |    56 ||   182
         Confusing Touch   |       |     2 |     9 |    11 |    31 |    23 ||    76
         Call Canine Famil |       |       |     1 |     9 |     4 |     4 ||    18
         Summon Mana Viper |       |       |       |     3 |     3 |     2 ||     8
         Tukima's Dance    |       |       |       |       |     8 |    15 ||    23
         Summon Ice Beast  |       |       |       |       |       |     5 ||     5
  Evoke: Wand              |       |       |       |       |    21 |     9 ||    30
         Box of beasts     |       |       |       |       |     1 |       ||     1
    Use: Scroll            |       |     3 |    14 |    13 |     6 |     7 ||    43
         Potion            |       |       |       |     1 |     2 |    13 ||    16
   Stab: Sleeping          |    11 |    14 |    43 |    17 |    42 |    31 ||   158
         Confused          |       |     2 |     5 |     6 |    16 |    25 ||    54
         Distracted        |       |       |       |     4 |    18 |     4 ||    26
         Held in net/web   |       |       |       |     2 |       |       ||     2
         Petrified         |       |       |       |       |     5 |       ||     5
         Invisible         |       |       |       |       |     1 |     7 ||     8
 Armour: Robe              |    26 |    34 |   111 |     6 |       |       ||   177
         Swamp dragon scal |       |       |    32 |   256 |   668 |   393 ||  1349
  Dodge: Dodged            |    35 |    31 |   115 |   181 |   502 |   259 ||  1123
  Block: Other             |    10 |    15 |    59 |   174 |   324 |       ||   582
         Reflection        |       |       |     6 |    12 |    39 |    61 ||   118
         Buckler           |       |       |       |       |   291 |   519 ||   810

Table legend: (Time is in decaauts)
 A = Elapsed time spent in this place.
 B = Non-inter-level travel time spent in this place.
 C = Inter-level travel time spent in this place.
 D = Time resting spent in this place.
 E = Time spent auto-exploring this place.
 F = Levels seen in this place.
 G = Mean time per level.
                   A        B        C        D        E       F      G
               +--------+--------+--------+--------+--------+-----+--------+
         Total |  41813 |  39556 |   2257 |  13812 |  16231 |  29 | 1441.8 |
       Dungeon |  17937 |  16358 |   1579 |   4425 |   8437 |  15 | 1195.8 |
          Lair |   7912 |   7464 |    448 |   2452 |   3412 |   5 | 1582.4 |
     Snake Pit |   9502 |   9295 |    207 |   4568 |   3073 |   4 | 2375.5 |
  Orcish Mines |   3983 |   3960 |     23 |   1637 |    992 |   2 | 1991.5 |
       Ossuary |    601 |    601 |      0 |      4 |      0 |   1 |  601.0 |
        Bailey |    794 |    794 |      0 |    347 |      9 |   1 |  794.0 |
      Ice Cave |   1082 |   1082 |      0 |    379 |    305 |   1 | 1082.0 |
               +--------+--------+--------+--------+--------+-----+--------+

Top non-repeatable levels by time:
 Snake:3: 4111 daAuts
   Orc:2: 3355 daAuts
 Snake:2: 2291 daAuts
  Lair:3: 1962 daAuts
  Lair:5: 1927 daAuts
  Lair:2: 1767 daAuts
 Snake:4: 1731 daAuts
     D:9: 1683 daAuts
    D:14: 1603 daAuts
     D:4: 1461 daAuts
    D:13: 1452 daAuts
     D:6: 1382 daAuts
 Snake:1: 1368 daAuts
    D:15: 1286 daAuts
  Lair:1: 1218 daAuts
